 Dungeon Crawl Stone Soup version 0.18-a0-1677-g2bdad6c (webtiles) character file.

15400 inmateoo the Basher (level 12, -4/97 HPs)
             Began as a Formicid Wizard on Apr 2, 2016.
             Was the Champion of Lugonu.
             Slain by a cyan ugly thing (16 damage)
             ... on level 12 of the Dungeon.
             The game lasted 00:23:13 (14870 turns).

inmateoo the Basher (Formicid Wizard)              Turns: 14870, Time: 00:23:14

Health: -4/97      AC: 11    Str: 16    XL:     12   Next: 57%
Magic:  16/16      EV:  8    Int: 19    God:    Lugonu [******]
Gold:   713        SH: 16    Dex:  9    Spells: 0 memorised, 17 levels left

rFire  . . .     SeeInvis +     f - +4 flail (crush)
rCold  . . .     Gourm    .     g - +1 scale mail
rNeg   . . .     Faith    .     t - +0 large shield
rPois  .         Spirit   .     (helmet unavailable)
rElec  .         Dismiss  .     k - +0 cloak
rCorr  .         Reflect  .     B - +0 pair of gloves
SustAt .         Harm     .     j - +0 pair of boots
MR     +....                    F - amulet of regeneration
Stlth  ..........               (no ring)
                                (no ring)

@: somewhat resistant to hostile enchantments, extremely unstealthy
A: permanent stasis, dig shafts and tunnels, four strong arms, antennae 3,
deformed body, sense surroundings 1
a: Dig, Shaft Self, Depart the Abyss, Bend Space, Banish, Corrupt, Enter the
Abyss, Brand Weapon With Distortion, Renounce Religion


You were on level 12 of the Dungeon.
You worshipped Lugonu.
Lugonu was exalted by your worship.
You were not hungry.

You visited 2 branches of the dungeon, and saw 13 of its levels.

You collected 713 gold pieces.

Inventory:

Hand Weapons
 f - a +4 flail of crushing (weapon)
 E - a +1 battleaxe
Armour
 g - a +1 scale mail (worn)
 j - a +0 pair of boots (worn)
 k - a +0 cloak (worn)
 t - a +0 large shield (worn)
 B - a +0 pair of gloves (worn)
Jewellery
 q - an uncursed ring of magical power
 A - a +3 amulet of reflection
 F - an amulet of regeneration (around neck)
Wands
 r - a wand of disintegration (0/24)
 y - a wand of lightning (5/15)
 z - a wand of paralysis (5/24)
Scrolls
 c - 5 scrolls of remove curse
 d - 2 scrolls of identify
 l - 3 scrolls of amnesia
 m - 3 scrolls of enchant armour
 s - 3 scrolls of enchant weapon
Potions
 e - 2 potions of brilliance
 n - 2 potions of cancellation
 p - a potion of heal wounds
 v - a potion of flight
 w - a potion of beneficial mutation
 x - a potion of resistance
 C - 2 potions of curing
 G - a potion of agility {unknown}
Books
 b - a book of Minor Magic

   Spells                             Type                      Level
   a - Magic Dart                     Conjuration                  1
   b - Blink                          Translocation                2
   c - Call Imp                       Summoning                    2
   d - Repel Missiles                 Charms/Air                   2
   e - Slow                           Hexes                        2
   f - Conjure Flame                  Conjuration/Fire             3
   g - Mephitic Cloud                 Conjuration/Poison/Air       3
Comestibles
 a - 4 fruits
 h - 5 meat rations
 i - 3 beef jerkies
 o - 10 bread rations
 u - a royal jelly


   Skills:
 + Level 9.7 Fighting
 - Level 4.9(9.0) Axes
 * Level 11.5(11.9) Maces & Flails
 + Level 9.9 Armour
 - Level 1.7 Dodging
 - Level 2.4 Stealth
 + Level 9.4 Shields
 - Level 3.2 Spellcasting
   Level 0.8 Conjurations
   Level 1.0 Summonings
   Level 0.8 Translocations
 + Level 1.0 Invocations


You had 17 spell levels left.
You didn't know any spells.

Dungeon Overview and Level Annotations

Branches:
Dungeon (12/15)            Temple (0/1) D:7            Lair (1/8) D:9
    Orc (0/2) D:10

Altars:
Ashenzari
Cheibriados
Dithmenos
Elyvilon
Gozag
Kikubaaqudgha
Okawaru
Qazlal
Ru
Sif Muna
Trog
Vehumet
Zin
The Shining One
Lugonu

Shops:
D:7 %

Annotations:
Lair:1 Nergalle


Innate Abilities, Weirdness & Mutations

You are under a permanent stasis effect.
You can dig through walls and to a lower floor.
Your four strong arms can wield two-handed weapons with a shield.
You have a pair of large antennae on your head (SInv).
Armour fits poorly on your strangely shaped body.
You passively map a small area around you.


Message History

The slime creature is severely wounded.
The slime creature closely misses you.
You sock the slime creature!
The slime creature is almost dead.
The cyan ugly thing trunk-slaps you! The cyan ugly thing shocks you!
You block the slime creature's attack.
You barely miss the slime creature.
The slime creature is almost dead.
You block the cyan ugly thing's attack. The slime creature hits you.
You hit the slime creature.
The slime creature is almost dead.
The cyan ugly thing trunk-slaps you! The cyan ugly thing shocks you!
You hit the slime creature.
The slime creature is almost dead.
The slime creature hits you!
* * * LOW HITPOINT WARNING * * *
The cyan ugly thing trunk-slaps you!
* * * LOW HITPOINT WARNING * * *
The cyan ugly thing shocks you!
You die...

, ############# , *, ,,
, ............
.########## * ,
...........# ...........
, ...........#
.......<...
...........#,...........
,.........##+#########.
* #.J.............###.
#.u@............#...
,#...............#...
+...............#... ,
#.............#.#...
*......####'##...._....
#......#.....#...#.#...
#..[...#.....#.....#...
#......#.....#..[).#...
#......#.....+.....#...


You could see a cyan ugly thing and a slime creature.

Vanquished Creatures
  A hydra (D:9)
  A centaur warrior (D:9)
  An unseen horror (D:10)
  2 hill giants
  The ghost of rekt the Cleaver, a novice DsWn of Okawaru (D:6)
  5 ugly things
  2 spiny frogs (Lair:1)
  A komodo dragon (D:11)
  2 trolls
  4 slime creatures
  Sigmund (D:4)
  A spriggan (D:8)
  A shadow (D:11)
  A wraith (D:11)
  A vampire (D:11)
  10 yaks
  A hippogriff (D:7)
  A hungry ghost (D:11)
  Edmund (D:6)
  2 water moccasins
  4 porcupines
  4 orc warriors
  A black bear (D:7)
  A phantom (D:9)
  2 ice beasts (D:6)
  A necrophage (D:9)
  5 ogres
  4 centaurs
  7 giant frogs
  A wyvern zombie (D:7)
  4 scorpions
  5 killer bees
  8 howler monkeys
  12 wights
  3 crimson imps
  A quasit (D:6)
  4 hounds
  2 giant frog skeletons
  5 orc priests
  Crazy Yiuf (D:4)
  A centaur skeleton (D:9)
  7 iguanas
  19 orc wizards
  8 worker ants
  2 killer bee zombies
  A hound zombie (D:5)
  2 worker ant zombies (D:7)
  12 adders
  7 river rats
  4 shadow imps
  An ooze (D:3)
  A worm (D:2)
  4 dart slugs
  4 giant geckos
  53 orcs
  5 giant cockroaches
  8 goblins
  8 hobgoblins
  19 jackals
  10 quokkas
  A ball python skeleton (D:4)
  13 bats
  5 giant newts
  6 kobolds
  A quokka zombie (D:7)
  12 rats
329 creatures vanquished.

Notes
Turn   | Place    | Note
--------------------------------------------------------------
     0 | D:1      | inmateoo the Formicid Wizard began the quest for the Orb.
     0 | D:1      | Reached XP level 1. HP: 13/13 MP: 4/4
   129 | D:1      | You fall through a shaft!
   132 | D:2      | You fall through a shaft!
   175 | D:2      | Found a shadowy altar of Dithmenos.
   176 | D:2      | Reached skill level 1 in Fighting
   176 | D:2      | Reached XP level 2. HP: 9/21 MP: 0/6
   222 | D:2      | Reached skill level 1 in Armour
   366 | D:2      | Found a faded altar to an unknown god.
   376 | D:2      | Became a worshipper of Lugonu the Unformed
   376 | D:2      | Reached * piety under Lugonu
   376 | D:2      | Reached ** piety under Lugonu
   556 | D:1      | You fall through a shaft!
   559 | D:2      | You fall through a shaft for 2 floors!
   580 | D:3      | HP: 1/21 [giant cockroach (2)]
   615 | D:3      | Found a stormy altar of Qazlal.
   966 | D:3      | Reached XP level 3. HP: 23/26 MP: 1/7
  1358 | D:3      | Found an iron altar of Okawaru.
  1358 | D:3      | Found a bloodstained altar of Trog.
  2668 | D:1      | Reached XP level 4. HP: 33/33 MP: 6/8
  2720 | D:1      | Reached skill level 1 in Axes
  2925 | D:2      | Reached *** piety under Lugonu
  3448 | D:2      | Reached XP level 5. HP: 9/39 MP: 0/9
  3691 | D:3      | Found a shattered altar of Ashenzari.
  4182 | D:3      | Noticed a giant frog
  4197 | D:3      | Killed a giant frog
  4197 | D:3      | Reached XP level 6. HP: 15/47 MP: 10/10
  4609 | D:3      | Found an opulent altar of Gozag.
  4871 | D:4      | Reached **** piety under Lugonu
  5032 | D:4      | Noticed Crazy Yiuf
  5043 | D:4      | Killed Crazy Yiuf
  5124 | D:4      | Noticed Sigmund
  5148 | D:4      | Killed Sigmund
  5148 | D:4      | Reached skill level 2 in Maces & Flails
  5148 | D:4      | Reached XP level 7. HP: 38/53 MP: 11/11
  5309 | D:4      | Got a warped robe
  5320 | D:4      | Identified the +4 robe "Odiqelau" {rPois rC- rN+} (You found it on level 4 of the Dungeon)
  5495 | D:4      | Reached skill level 1 in Shields
  5546 | D:4      | Gained mutation: You are weak. (Str -2) [potion of mutation]
  5546 | D:4      | Gained mutation: You passively map a small area around you. [potion of mutation]
  5546 | D:4      | Lost mutation: You are weak. (Str -2) [potion of mutation]
  5711 | D:5      | Entered Level 5 of the Dungeon
  5879 | D:5      | Reached skill level 3 in Maces & Flails
  5900 | D:5      | Reached XP level 8. HP: 47/61 MP: 12/12
  6044 | D:5      | Found an ancient bone altar of Kikubaaqudgha.
  6426 | D:5      | Found a snail-covered altar of Cheibriados.
  6437 | D:5      | Reached skill level 4 in Maces & Flails
  6460 | D:5      | Reached skill level 5 in Fighting
  6782 | D:5      | Found a sacrificial altar of Ru.
  7032 | D:5      | Reached skill level 5 in Armour
  7409 | D:6      | Noticed rekt's ghost (novice DsWn)
  7785 | D:6      | Reached XP level 9. HP: 55/68 MP: 13/13
  7858 | D:6      | Noticed Edmund
  7906 | D:6      | Killed Edmund
  8131 | D:6      | Reached skill level 5 in Maces & Flails
  8176 | D:6      | Killed rekt's ghost
  8620 | D:6      | Reached skill level 6 in Maces & Flails
  8811 | D:6      | Found a glowing golden altar of the Shining One.
  9176 | D:6      | Reached ***** piety under Lugonu
  9223 | D:6      | Reached skill level 5 in Shields
  9471 | D:7      | Found Duepulyl's Food Shop.
  9525 | D:7      | Reached XP level 10. HP: 77/77 MP: 14/14
  9620 | D:7      | Found a staircase to the Ecumenical Temple.
  9805 | D:7      | Reached skill level 7 in Maces & Flails
  9959 | D:7      | Found a glowing silver altar of Zin.
  9960 | D:7      | Found a white marble altar of Elyvilon.
  9961 | D:7      | Found a glowing golden altar of the Shining One.
 10955 | D:9      | Found a deep blue altar of Sif Muna.
 11123 | D:9      | Reached skill level 8 in Maces & Flails
 11304 | D:9      | Found a staircase to the Lair.
 11671 | D:9      | Noticed a four-headed hydra
 11682 | D:9      | Killed a four-headed hydra
 11692 | D:9      | Reached XP level 11. HP: 23/85 MP: 15/15
 11814 | D:9      | Reached skill level 9 in Maces & Flails
 11885 | D:9      | Noticed a centaur warrior
 11900 | D:9      | Killed a centaur warrior
 12109 | D:9      | Found a radiant altar of Vehumet.
 12199 | D:10     | Entered Level 10 of the Dungeon
 12211 | Lair:1   | Entered Level 1 of the Lair of Beasts
 12550 | Lair:1   | Noticed Nergalle
 12642 | D:10     | Noticed a hill giant
 12648 | D:10     | Killed a hill giant
 12648 | D:10     | Reached skill level 10 in Maces & Flails
 12696 | D:10     | Noticed an unseen horror
 12728 | D:10     | Killed an unseen horror
 13181 | D:10     | Found a staircase to the Orcish Mines.
 13458 | D:11     | Noticed a white ugly thing
 13476 | D:11     | Killed a white ugly thing
 13487 | D:11     | Gained mutation: Armour fits poorly on your strangely shaped body. [mutagenic meat]
 13517 | D:11     | Noticed a cyan ugly thing
 13527 | D:11     | Killed a cyan ugly thing
 13527 | D:11     | Reached XP level 12. HP: 73/95 MP: 16/16
 13570 | D:11     | Found a white marble altar of Elyvilon.
 13595 | D:11     | Reached ****** piety under Lugonu
 13647 | D:11     | Reached skill level 11 in Maces & Flails
 14625 | D:12     | Found a shattered altar of Ashenzari.
 14788 | D:11     | Reached skill level 1 in Invocations
 14870 | D:12     | Slain by a cyan ugly thing

Vault maps used:
D:1:      minmay_arrival_wavy_path
D:2:      grunt_dithmenos_smoke_and_mirrors, ecumenical_altar_2
D:3:      minitemple, grunt_gozag_breadcrumbs, old_standard_altar,
          nicolae_overflow_hidden_temple, kennysheep_generic_room_7
D:4:      first_bread, minmay_crystal_room, uniq_crazy_yiuf_cottage,
          uniq_sigmund
D:5:      kennysheep_mini_moat, overflow_temple_1_default,
          kennysheep_pointless_box, cheibriados_altar_1
D:6:      tso_metal_star, uniq_edmund
D:7:      good_gods_temple_1, minmay_temple_entry_poolview, serial_shops,
          kennysheep_little_box, st_stairs_6
D:8:      the_bakery
D:9:      lemuel_coloured_pillars_altar, overflow_temple_1_default,
          dpeg_lair_monsters, grunt_tough_drop
D:10:     orc_0_dummy
D:11:     basic_altar, kennysheep_generic_room_11
D:12:     ashenzari_altar_1
Lair:1:   uniq_nergalle

Skill      XL: |  1  2  3  4  5  6  7  8  9 10 11 12 |
---------------+-------------------------------------+-----
Fighting       | 1 2 3 4 5 6 7 9 |  9.7
Armour         | 1 2 3 4 5 6 7 9 |  9.9
Axes           | 1 3 4 |  4.9
Maces & Flails | 2 3 4 6 8 10 11 | 11.5
Shields        | 1 3 5 7 8 9 |  9.4
Invocations    | 1 |  1.0
Dodging        | |  1.7
Stealth        | |  2.4
Spellcasting   | |  3.2
Conjurations   | |  0.8
Summonings     | |  1.0
Translocations | |  0.8

Action                   |  1- 3 |  4- 6 |  7- 9 | 10-12 || total
-------------------------+-------+-------+-------+-------++-------
Melee: Club              |   111 |     7 |       |       ||   118
       Hand axe          |       |   203 |       |       ||   203
       Mace              |       |    27 |   374 |       ||   401
       Flail             |       |       |   184 |   833 ||  1017
 Cast: Magic Dart        |   102 |    47 |       |       ||   149
 Abil: Shaft Self        |     4 |       |       |       ||     4
       Dig               |     1 |     1 |     6 |     8 ||    16
Evoke: Wand              |       |       |     4 |       ||     4
  Use: Potion            |     2 |     1 |     3 |     2 ||     8
       Scroll            |       |     8 |     8 |     6 ||    22
  Eat: Bread ration      |     1 |       |       |       ||     1
       Chunk             |     2 |     9 |    16 |    20 ||    47
       Pizza             |       |       |       |     2 ||     2
